| TOP OF THE 1ST |
|
Round Rock Express batting - Pitching for Dallas-Fort Worth Rangers : LHP Manny Sandate
|
|
Pitching: LHP Manny Sandate
|
|
|
Batting: LHB Steve Lyons
|
0-0: Called Strike 0-1: Swinging Strike 0-2: Foul Ball, location: 2F 0-2: Ball 1-2: Ball 2-2: Strikes out swinging
|
|
Batting: RHB George Gross
|
0-0: Fly out, F8 (Flyball, 8RD, EV 102.5 MPH)
|
|
Batting: LHB Al Chambers
|
0-0: Ball 1-0: Ball 2-0: Called Strike 2-1: Swinging Strike 2-2: Strikes out swinging
|
| Top of the 1st over - 0 runs, 0 hits, 0 errors, 0 left on base; Round Rock 0 - Dallas-Fort Worth 0 |
| BOTTOM OF THE 1ST |
|
Dallas-Fort Worth Rangers batting - Pitching for Round Rock Express : RHP Jesus Manaure
|
|
Pitching: RHP Jesus Manaure
|
|
|
Batting: RHB Dave Aponte
|
0-0: Fly out, F8 (Flyball, 8RD, EV 85.0 MPH)
|
|
Batting: RHB Phil Bradley
|
0-0: Ball 1-0: Ball 2-0: Called Strike 2-1: Ball 3-1: Base on Balls
|
|
Batting: LHB Sid Bream
|
0-0: Ball 1-0: Ball 2-0: Called Strike 2-1: Ball 3-1: Fielders Choice at 2nd, 4-6 (Groundball, 4, EV 86.3 MPH)
|
|
Batting: RHB Joe Carter
|
0-0: Ball 1-0: Ball 2-0: Called Strike 2-1: Fly out, F8 (Flyball, 8LS, EV 88.1 MPH)
|
| Bottom of the 1st over - 0 runs, 0 hits, 0 errors, 1 left on base; Round Rock 0 - Dallas-Fort Worth 0 |
| TOP OF THE 2ND |
|
Round Rock Express batting - Pitching for Dallas-Fort Worth Rangers : LHP Manny Sandate
|
|
Batting: RHB Alejandro Sanchez
|
0-0: Called Strike 0-1: Ball 1-1: Ball 2-1: Ball 3-1: Base on Balls
|
|
Batting: LHB Dave Sanchez
|
0-0: Ball 1-0: Called Strike 1-1: Ball 2-1: Called Strike 2-2: Ball 3-2: Foul Ball, location: 2F 3-2: Base on Balls Alejandro Sanchez to second
|
|
Batting: RHB Martyn Maxwell
|
0-0: Fly out, F9 (Flyball, 89M, EV 91.3 MPH)
|
|
Batting: RHB Gerald Miller
|
0-0: Ball 1-0: Ball 2-0: Called Strike 2-1: Called Strike 2-2: Ball 3-2: Strikes out looking
|
|
Batting: LHB Luis Armijo
|
0-0: Ball 1-0: Foul Ball, location: 2F 1-1: Called Strike 1-2: 3-RUN HOME RUN (Flyball, 9D, EV 106.3 MPH), Distance : 385 ft
|
|
Batting: RHB Mike Sodders
|
0-0: Ball 1-0: Ground out 6-3 (Groundball, 6, EV 85.6 MPH)
|
| Top of the 2nd over - 3 runs, 1 hit, 0 errors, 0 left on base; Round Rock 3 - Dallas-Fort Worth 0 |
| BOTTOM OF THE 2ND |
|
Dallas-Fort Worth Rangers batting - Pitching for Round Rock Express : RHP Jesus Manaure
|
|
Batting: RHB Terry Lee
|
0-0: Called Strike 0-1: Ball 1-1: Foul Ball, location: 2F 1-2: Foul Ball, location: 2F 1-2: DOUBLE (Flyball, 8RXD, EV 95.0 MPH)
|
|
Batting: RHB Ross Jones
|
0-0: Called Strike 0-1: Foul Ball, location: 2F 0-2: Ball 1-2: Ball Passed Ball! Terry Lee to third 2-2: Ball 3-2: Foul Ball, location: 2F 3-2: Fly out, F9 (Flyball, 9, EV 85.6 MPH)
|
|
Batting: LHB Daryl Fazzio
|
0-0: Ball 1-0: Ball 2-0: Ball 3-0: Called Strike 3-1: Foul Ball, location: 2F 3-2: Base on Balls
|
|
Batting: SHB Eski Viltz
|
0-0: Ball 1-0: Ball 2-0: Foul Ball, location: 2F 2-1: SINGLE (Groundball, 6S, EV 99.4 MPH) Terry Lee scores Daryl Fazzio to second
|
|
Batting: LHB Garcia Gutierrez
|
0-0: Foul Ball, location: 2F 0-1: Ball 1-1: Foul Ball, location: 2F 1-2: Ball 2-2: Fielders Choice at 2nd, 4-6 (Groundball, 4, EV 86.9 MPH) Daryl Fazzio to third
|
|
Batting: RHB Dave Aponte
|
0-0: Called Strike 0-1: Called Strike Garcia Gutierrez is caught stealing 2nd base 2-4
|
| Bottom of the 2nd over - 1 run, 2 hits, 0 errors, 1 left on base; Round Rock 3 - Dallas-Fort Worth 1 |
| TOP OF THE 3RD |
|
Round Rock Express batting - Pitching for Dallas-Fort Worth Rangers : LHP Manny Sandate
|
|
Batting: LHB Steve Lyons
|
0-0: Called Strike 0-1: Called Strike 0-2: Foul Ball, location: 2F 0-2: Strikes out looking
|
|
Batting: RHB George Gross
|
0-0: Swinging Strike 0-1: Called Strike 0-2: Foul Ball, location: 2F 0-2: Strikes out swinging
|
|
Batting: LHB Al Chambers
|
0-0: Called Strike 0-1: Foul Ball, location: 2F 0-2: Strikes out swinging
|
| Top of the 3rd over - 0 runs, 0 hits, 0 errors, 0 left on base; Round Rock 3 - Dallas-Fort Worth 1 |
| BOTTOM OF THE 3RD |
|
Dallas-Fort Worth Rangers batting - Pitching for Round Rock Express : RHP Jesus Manaure
|
|
Batting: RHB Dave Aponte
|
0-0: Ball 1-0: Ball 2-0: Called Strike 2-1: Ball 3-1: Ground out 6-3 (Groundball, 6, EV 100.6 MPH)
|
|
Batting: RHB Phil Bradley
|
0-0: Ball 1-0: Called Strike 1-1: Ball 2-1: Called Strike 2-2: SINGLE (Line Drive, 56D, EV 105.6 MPH)
|
|
Batting: LHB Sid Bream
|
0-0: Swinging Strike 0-1: Called Strike Phil Bradley steals 2nd base 0-2: Ball Balk! Phil Bradley to third 1-2: Ball 2-2: Fly out, F5 (Popup, 56S, EV 69.4 MPH)
|
|
Batting: RHB Joe Carter
|
0-0: Ball 1-0: Ball 2-0: Foul Ball, location: 2F 2-1: Called Strike 2-2: Ball 3-2: 2-RUN HOME RUN (Flyball, 7D, EV 107.5 MPH), Distance : 361 ft
|
|
Batting: RHB Terry Lee
|
0-0: Swinging Strike 0-1: Ball 1-1: Foul Ball, location: 2F 1-2: Ball 2-2: Ball 3-2: Fly out, F2 (Popup, 23F, EV 81.9 MPH)
|
| Bottom of the 3rd over - 2 runs, 2 hits, 0 errors, 0 left on base; Round Rock 3 - Dallas-Fort Worth 3 |
| TOP OF THE 4TH |
|
Round Rock Express batting - Pitching for Dallas-Fort Worth Rangers : LHP Manny Sandate
|
|
Batting: RHB Alejandro Sanchez
|
0-0: Called Strike 0-1: Called Strike 0-2: Strikes out looking
|
|
Batting: LHB Dave Sanchez
|
0-0: Called Strike 0-1: Called Strike 0-2: Ball 1-2: Strikes out swinging
|
|
Batting: RHB Martyn Maxwell
|
0-0: Ball 1-0: Foul Ball, location: 2F 1-1: Foul Ball, location: 2F 1-2: Ball 2-2: Ball 3-2: SINGLE (Flyball, 34D, EV 92.5 MPH)
|
|
Batting: RHB Gerald Miller
|
0-0: Ball Passed Ball! Martyn Maxwell to second 1-0: Ball 2-0: Called Strike 2-1: SINGLE (Groundball, 6MD, EV 107.5 MPH) Martyn Maxwell to third Runner from 3rd tries for Home, throw by CF and OUT! 8-2
|
| Top of the 4th over - 0 runs, 2 hits, 0 errors, 1 left on base; Round Rock 3 - Dallas-Fort Worth 3 |
| BOTTOM OF THE 4TH |
|
Dallas-Fort Worth Rangers batting - Pitching for Round Rock Express : RHP Jesus Manaure
|
|
Batting: RHB Ross Jones
|
0-0: Called Strike 0-1: Ball 1-1: Called Strike 1-2: Ball 2-2: Fly out, F3 (Popup, 3SF, EV 76.3 MPH)
|
|
Batting: LHB Daryl Fazzio
|
0-0: Ball 1-0: Swinging Strike 1-1: Ball 2-1: SINGLE (Groundball, 6S, EV 62.5 MPH) (infield hit)
|
|
Batting: SHB Eski Viltz
|
0-0: SINGLE (Line Drive, 9S, EV 91.3 MPH) Daryl Fazzio to second Runner from 2nd tries for 3rd, SAFE, no throw by RF
|
|
Batting: LHB Garcia Gutierrez
|
0-0: Ball 1-0: Ball 2-0: Ball 3-0: Base on Balls Eski Viltz to second
|
|
Batting: RHB Dave Aponte
|
0-0: Ball 1-0: Called Strike 1-1: Ball 2-1: Ball 3-1: Base on Balls Daryl Fazzio scores Eski Viltz to third Garcia Gutierrez to second
|
|
Batting: RHB Phil Bradley
|
0-0: Ball 1-0: Swinging Strike 1-1: Swinging Strike 1-2: Fly out, F8 (Flyball, 8LM, EV 98.1 MPH) Runner from 3rd tags up, SCORES, throw by CF
|
|
Batting: LHB Sid Bream
|
0-0: Ball 1-0: Ball 2-0: Called Strike 2-1: Ball 3-1: Foul Ball, location: 2F 3-2: Fly out, F8 (Line Drive, 8LD, EV 90.6 MPH)
|
| Bottom of the 4th over - 2 runs, 2 hits, 0 errors, 2 left on base; Round Rock 3 - Dallas-Fort Worth 5 |
| TOP OF THE 5TH |
|
Round Rock Express batting - Pitching for Dallas-Fort Worth Rangers : LHP Manny Sandate
|
|
Batting: LHB Luis Armijo
|
0-0: Called Strike 0-1: Ball 1-1: Foul Ball, location: 2F 1-2: Foul Ball, location: 2F 1-2: Ball 2-2: Strikes out swinging
|
|
Batting: RHB Mike Sodders
|
0-0: Ball 1-0: Called Strike 1-1: Ball 2-1: SINGLE (Flyball, 3D, EV 93.8 MPH)
|
|
Batting: LHB Steve Lyons
|
0-0: Ball 1-0: Swinging Strike 1-1: Ball 2-1: Foul Ball, location: 2F 2-2: Foul Ball, location: 2F 2-2: Strikes out swinging
|
|
Batting: RHB George Gross
|
0-0: Swinging Strike 0-1: Ball 1-1: Swinging Strike 1-2: Ball 2-2: Strikes out swinging
|
| Top of the 5th over - 0 runs, 1 hit, 0 errors, 1 left on base; Round Rock 3 - Dallas-Fort Worth 5 |
| BOTTOM OF THE 5TH |
|
Dallas-Fort Worth Rangers batting - Pitching for Round Rock Express : RHP Jesus Manaure
|
|
Batting: RHB Joe Carter
|
0-0: Swinging Strike 0-1: Ball 1-1: Ball 2-1: Foul Ball, location: 2F 2-2: Foul Ball, location: 2F 2-2: Strikes out swinging
|
|
Batting: RHB Terry Lee
|
0-0: Ground out 1-3 (Groundball, 15S, EV 65.6 MPH)
|
|
Batting: RHB Ross Jones
|
0-0: Ball 1-0: Ball 2-0: Fly out, F6 (Flyball, 56D, EV 83.8 MPH)
|
| Bottom of the 5th over - 0 runs, 0 hits, 0 errors, 0 left on base; Round Rock 3 - Dallas-Fort Worth 5 |
| TOP OF THE 6TH |
|
Round Rock Express batting - Pitching for Dallas-Fort Worth Rangers : LHP Manny Sandate
|
|
Batting: LHB Al Chambers
|
0-0: Ball 1-0: Ball 2-0: Ball 3-0: Base on Balls
|
|
Batting: RHB Alejandro Sanchez
|
0-0: Called Strike 0-1: Ball 1-1: 2-RUN HOME RUN (Flyball, 7LD, EV 92.5 MPH), Distance : 369 ft
|
|
Pitching: RHP Randy McGilberry
|
|
|
Batting: LHB Dave Sanchez
|
0-0: Ball 1-0: Foul Ball, location: 2F 1-1: Foul Ball, location: 2F 1-2: Foul Ball, location: 2F 1-2: Foul Ball, location: 2F 1-2: Ball 2-2: Foul Ball, location: 2F 2-2: Foul Ball, location: 2F 2-2: Ball 3-2: Fly out, F5 (Popup, 56, EV 65.0 MPH)
|
|
Batting: RHB Martyn Maxwell
|
0-0: Called Strike 0-1: Ground out 6-3 (Groundball, 6S, EV 71.9 MPH)
|
|
Batting: RHB Gerald Miller
|
0-0: Fly out, F7 (Flyball, 78S, EV 86.9 MPH)
|
| Top of the 6th over - 2 runs, 1 hit, 0 errors, 0 left on base; Round Rock 5 - Dallas-Fort Worth 5 |
| BOTTOM OF THE 6TH |
|
Dallas-Fort Worth Rangers batting - Pitching for Round Rock Express : RHP Jesus Manaure
|
|
Batting: LHB Daryl Fazzio
|
0-0: Called Strike 0-1: DOUBLE (Flyball, 8LD, EV 95.0 MPH)
|
|
Batting: SHB Eski Viltz
|
0-0: Ball 1-0: Ball 2-0: Called Strike 2-1: Foul Ball, location: 2F 2-2: Reached on error, E3 (Groundball, 34, EV 86.3 MPH) Daryl Fazzio scores
|
|
Batting: LHB Garcia Gutierrez
|
0-0: Bunted foul 0-1: Bunt missed! 0-2: Foul Ball, location: 2F 0-2: Ball 1-2: Foul Ball, location: 2F 1-2: SINGLE (Line Drive, 7S, EV 101.3 MPH) Eski Viltz to third Runner from 3rd tries for Home, SAFE, throw by LF to home
|
|
Pitching: RHP Bret Cleland
|
|
|
Batting: RHB Dave Aponte
|
0-0: Ball 1-0: Ball 2-0: Sac Bunt to 5S - play at first, batter safe! Garcia Gutierrez to second
|
|
Batting: RHB Phil Bradley
|
0-0: Ball 1-0: Ball 2-0: Called Strike 2-1: Ground out 5-3 (Groundball, 56, EV 79.4 MPH) Garcia Gutierrez to third Dave Aponte to second
|
|
Batting: LHB Sid Bream
|
0-0: SINGLE (Line Drive, 34D, EV 103.8 MPH) Garcia Gutierrez scores Dave Aponte to third Runner from 3rd tries for Home, SAFE, throw by RF to home Sid Bream to second
|
|
Batting: RHB Joe Carter
|
0-0: Called Strike Sid Bream steals 3rd base 0-1: Ball 1-1: Called Strike 1-2: Ball 2-2: Ball 3-2: Foul Ball, location: 2F 3-2: Foul Ball, location: 2F 3-2: Foul Ball, location: 2F 3-2: Foul Ball, location: 2F 3-2: Foul Ball, location: 2F 3-2: Strikes out swinging
|
|
Batting: RHB Terry Lee
|
0-0: Called Strike 0-1: Foul Ball, location: 2F 0-2: Ball 1-2: Ball 2-2: Ball 3-2: Foul Ball, location: 2F 3-2: SINGLE (Groundball, 4MS, EV 69.4 MPH) (infield hit) Sid Bream scores
|
|
Batting: RHB Ross Jones
|
0-0: SINGLE (Groundball, 4MD, EV 100.6 MPH) Terry Lee to second Runner from 2nd tries for 3rd, SAFE, throw by CF made to third
|
|
Batting: LHB Daryl Fazzio
|
0-0: Fly out, F8 (Flyball, 8RM, EV 93.8 MPH)
|
| Bottom of the 6th over - 5 runs, 6 hits, 1 error, 2 left on base; Round Rock 5 - Dallas-Fort Worth 10 |
| TOP OF THE 7TH |
|
Round Rock Express batting - Pitching for Dallas-Fort Worth Rangers : RHP Randy McGilberry
|
|
Batting: LHB Luis Armijo
|
0-0: Fly out, F9 (Flyball, 9LS, EV 94.4 MPH)
|
|
Batting: RHB Mike Sodders
|
0-0: Ball 1-0: Foul Ball, location: 2F 1-1: Ground out U3 (Groundball, 3L, EV 103.1 MPH)
|
|
Batting: LHB Steve Lyons
|
0-0: Ball 1-0: Ball 2-0: Fly out, F7 (Flyball, 7LM, EV 86.9 MPH)
|
| Top of the 7th over - 0 runs, 0 hits, 0 errors, 0 left on base; Round Rock 5 - Dallas-Fort Worth 10 |
| BOTTOM OF THE 7TH |
|
Dallas-Fort Worth Rangers batting - Pitching for Round Rock Express : RHP Bret Cleland
|
|
Batting: SHB Eski Viltz
|
0-0: Ball 1-0: Foul Ball, location: 2F 1-1: Foul Ball, location: 2F 1-2: Strikes out swinging
|
|
Batting: LHB Garcia Gutierrez
|
0-0: Ball 1-0: Ball 2-0: Ball 3-0: Base on Balls
|
|
Pitching: RHP Jeff Keener
|
|
|
Batting: RHB Dave Aponte
|
0-0: Called Strike 0-1: Ball Garcia Gutierrez steals 2nd base 1-1: Fly out, F9 (Flyball, 9LM, EV 86.9 MPH)
|
|
Batting: RHB Phil Bradley
|
0-0: Swinging Strike 0-1: Ball 1-1: Reached on error, E6 (Groundball, 6, EV 98.1 MPH) Garcia Gutierrez to third
|
|
Batting: LHB Sid Bream
|
0-0: Foul Ball, location: 2F 0-1: Ball 1-1: Foul Ball, location: 2F 1-2: Foul Ball, location: 2F 1-2: Ball 2-2: Ball 3-2: Base on Balls Phil Bradley to second
|
|
Batting: RHB Joe Carter
|
0-0: Fielders Choice at 2nd, 5-4 (Groundball, 56, EV 98.8 MPH)
|
| Bottom of the 7th over - 0 runs, 0 hits, 1 error, 3 left on base; Round Rock 5 - Dallas-Fort Worth 10 |
| TOP OF THE 8TH |
|
Round Rock Express batting - Pitching for Dallas-Fort Worth Rangers : RHP Randy McGilberry
|
|
Batting: RHB George Gross
|
0-0: Ball 1-0: Called Strike 1-1: Ball 2-1: Called Strike 2-2: Fly out, F9 (Flyball, 9LM, EV 88.8 MPH)
|
|
Batting: LHB Al Chambers
|
0-0: Swinging Strike 0-1: Foul Ball, location: 2F 0-2: Foul Ball, location: 2F 0-2: Ball 1-2: Ball 2-2: Foul Ball, location: 2F 2-2: SINGLE (Flyball, 78S, EV 91.3 MPH)
|
|
Batting: RHB Alejandro Sanchez
|
0-0: Swinging Strike 0-1: Swinging Strike 0-2: Strikes out looking
|
|
Batting: LHB Dave Sanchez
|
0-0: Called Strike 0-1: Ball 1-1: Fly out, F8 (Flyball, 78D, EV 103.1 MPH)
|
| Top of the 8th over - 0 runs, 1 hit, 0 errors, 1 left on base; Round Rock 5 - Dallas-Fort Worth 10 |
| BOTTOM OF THE 8TH |
|
Dallas-Fort Worth Rangers batting - Pitching for Round Rock Express : RHP Jeff Keener
|
|
Batting: RHB Terry Lee
|
0-0: Ball 1-0: Ball 2-0: Ball 3-0: Base on Balls
|
|
Batting: RHB Ross Jones
|
0-0: Foul Ball, location: 2F 0-1: Ball 1-1: Ball 2-1: Ball 3-1: Called Strike 3-2: Foul Ball, location: 2F 3-2: Base on Balls Terry Lee to second
|
|
Batting: LHB Daryl Fazzio
|
0-0: SINGLE (Line Drive, 6M, EV 103.1 MPH) Terry Lee to third Ross Jones to second
|
|
Batting: SHB Eski Viltz
|
0-0: Called Strike 0-1: Fielders Choice at 2nd, 4-6 (Groundball, 4D, EV 108.8 MPH) Terry Lee scores Ross Jones to third
|
|
Batting: LHB Garcia Gutierrez
|
0-0: Ball Wild Pitch! Ross Jones scores Eski Viltz to second 1-0: Ball 2-0: Ball 3-0: Called Strike 3-1: Swinging Strike 3-2: Base on Balls
|
|
Pinch Hitting: RHB Richard Dziemiela
|
0-0: Called Strike 0-1: Ball 1-1: Called Strike 1-2: Foul Ball, location: 2F 1-2: Ball 2-2: Strikes out swinging
|
|
Pinch Hitting: RHB Jesse Plummer
|
0-0: Called Strike 0-1: Ball 1-1: DOUBLE (Groundball, 5L, EV 105.0 MPH) Eski Viltz scores Garcia Gutierrez to third
|
|
Batting: LHB Sid Bream
|
0-0: Swinging Strike 0-1: Ball 1-1: Fly out, F7 (Flyball, 7LM, EV 84.4 MPH)
|
| Bottom of the 8th over - 3 runs, 2 hits, 0 errors, 2 left on base; Round Rock 5 - Dallas-Fort Worth 13 |
| TOP OF THE 9TH |
|
Round Rock Express batting - Pitching for Dallas-Fort Worth Rangers : RHP Randy McGilberry
|
|
Now at 3B: Richard Dziemiela
|
|
|
Now in RF: Alex Zermeno
|
|
|
Batting: RHB Martyn Maxwell
|
0-0: Ball 1-0: Foul Ball, location: 2F 1-1: Called Strike 1-2: Strikes out swinging
|
|
Pitching: RHP Tom McGough
|
|
|
Batting: RHB Gerald Miller
|
0-0: Ball 1-0: Foul Ball, location: 2F 1-1: Called Strike 1-2: Foul Ball, location: 2F 1-2: Ball 2-2: Ball 3-2: Fly out, F4 (Popup, 34, EV 63.8 MPH)
|
|
Pinch Hitting: RHB Val Medina
|
0-0: Ball 1-0: Ground out 5-3 (Groundball, 56, EV 89.4 MPH)
|
| Top of the 9th over - 0 runs, 0 hits, 0 errors, 0 left on base; Round Rock 5 - Dallas-Fort Worth 13 |
|